TOP OF THE 1ST |
Bowie Baysox batting - Pitching for Midland RockHounds : LHP Katsumi Takaki
|
Pitching: LHP Katsumi Takaki
|
|
Batting: RHB Travis Leonard
|
0-0: Ball 1-0: Swinging Strike 1-1: Foul Ball, location: 2F 1-2: Foul Ball, location: 2F 1-2: Strikes out looking
|
Batting: RHB Joe Young
|
0-0: Ball 1-0: SINGLE (Groundball, 4S, EV 61.9 MPH) (infield hit)
|
Batting: RHB John Gray
|
0-0: Ball 1-0: Foul Ball, location: 2F 1-1: Foul Ball, location: 2F 1-2: Foul Ball, location: 2F 1-2: SINGLE (Groundball, 56D, EV 106.9 MPH) Joe Young to second
|
Batting: RHB Jeremy Sipe
|
0-0: Foul Ball, location: 2F 0-1: Foul Ball, location: 2F 0-2: Fielders Choice at 2nd, 1-6 (Groundball, 13S, EV 73.8 MPH) Joe Young to third
|
Batting: RHB Ray Sims
|
0-0: Ball 1-0: Called Strike 1-1: Foul Ball, location: 2F 1-2: Ball 2-2: SINGLE (Line Drive, 4M, EV 100.6 MPH) Joe Young scores Jeremy Sipe to second
|
Batting: RHB Antonio Gamez
|
0-0: Called Strike 0-1: Foul Ball, location: 2F 0-2: Ball 1-2: Ball 2-2: Ball 3-2: Strikes out swinging
|
Top of the 1st over - 1 run, 3 hits, 0 errors, 2 left on base; Bowie 1 - Midland 0 |
BOTTOM OF THE 1ST |
Midland RockHounds batting - Pitching for Bowie Baysox : LHP Freddy Gutierrez
|
Pitching: LHP Freddy Gutierrez
|
|
Batting: RHB Jonathan Ellis
|
0-0: Ball 1-0: SINGLE (Groundball, 4D, EV 100.0 MPH)
|
Batting: RHB Matt Sherard
|
0-0: Ball 1-0: DOUBLE (Line Drive, 78D, EV 107.5 MPH) Jonathan Ellis to third
|
Batting: RHB Jonathan Gallup
|
0-0: Foul Ball, location: 2F 0-1: Ball 1-1: Ball 2-1: Ball 3-1: Base on Balls
|
Batting: RHB Micah Roth
|
0-0: Ball 1-0: Called Strike 1-1: Ball 2-1: Fly out, F7 (Flyball, 7, EV 81.9 MPH)
|
Batting: RHB Roger Simmons
|
0-0: Ball 1-0: SINGLE (Groundball, 56D, EV 96.2 MPH) Jonathan Ellis scores Matt Sherard to third Jonathan Gallup to second Runner from 3rd tries for Home, SAFE, throw by LF to home
|
Batting: RHB David Sharp
|
0-0: Ball 1-0: Fielders Choice at 2nd, 3-6 (Groundball, 3, EV 86.9 MPH) Jonathan Gallup to third
|
Batting: RHB Manny Moron
|
0-0: Called Strike 0-1: SINGLE (Groundball, 34D, EV 99.4 MPH) Jonathan Gallup scores David Sharp to second Runner from 2nd tries for 3rd, SAFE, no throw by RF
|
Batting: RHB Gojko Golob
|
0-0: Fielders Choice at 2nd, 6-4 (Groundball, 6, EV 86.2 MPH)
|
Bottom of the 1st over - 3 runs, 4 hits, 0 errors, 2 left on base; Bowie 1 - Midland 3 |
TOP OF THE 2ND |
Bowie Baysox batting - Pitching for Midland RockHounds : LHP Katsumi Takaki
|
Batting: LHB Justin Moore
|
0-0: Ball 1-0: Called Strike 1-1: SINGLE (Groundball, 34D, EV 107.5 MPH)
|
Batting: SHB Jared Boyce
|
0-0: Swinging Strike 0-1: Swinging Strike 0-2: Ball 1-2: Strikes out looking
|
Batting: RHB Honório Szenes
|
0-0: Called Strike 0-1: Ball Wild Pitch! Justin Moore to second 1-1: Ball 2-1: Ball 3-1: Called Strike 3-2: Base on Balls
|
Batting: RHB Travis Leonard
|
0-0: Ball 1-0: Foul Ball, location: 2F 1-1: Foul Ball, location: 2F 1-2: TRIPLE (Flyball, 9LD, EV 98.8 MPH) Justin Moore scores Honório Szenes scores
|
Batting: RHB Joe Young
|
0-0: Swinging Strike 0-1: Swinging Strike 0-2: Ball 1-2: Strikes out swinging
|
Batting: RHB John Gray
|
0-0: Called Strike 0-1: Ball 1-1: Fly out, F9 (Line Drive, 89S, EV 91.9 MPH)
|
Top of the 2nd over - 2 runs, 2 hits, 0 errors, 1 left on base; Bowie 3 - Midland 3 |
BOTTOM OF THE 2ND |
Midland RockHounds batting - Pitching for Bowie Baysox : LHP Freddy Gutierrez
|
Batting: RHB Moses Brokken
|
0-0: Ball 1-0: Foul Ball, location: 2F 1-1: Foul Ball, location: 2F 1-2: Strikes out looking
|
Batting: RHB Jonathan Ellis
|
0-0: Ball 1-0: Called Strike 1-1: Ball 2-1: Ball 3-1: SINGLE (Line Drive, 7S, EV 95.6 MPH)
|
Batting: RHB Matt Sherard
|
0-0: Called Strike 0-1: SINGLE (Line Drive, 8LS, EV 87.5 MPH) Jonathan Ellis to second Runner from 2nd tries for 3rd, SAFE, throw by CF made to third
|
Batting: RHB Jonathan Gallup
|
0-0: Ball Matt Sherard is caught stealing 2nd base 2-4 1-0: Ball 2-0: Called Strike 2-1: Foul Ball, location: 2F 2-2: Ball 3-2: Foul Ball, location: 2F 3-2: Base on Balls
|
Batting: RHB Micah Roth
|
0-0: Foul Ball, location: 2F 0-1: Ball 1-1: Fly out, F8 (Flyball, 8RS, EV 89.4 MPH)
|
Bottom of the 2nd over - 0 runs, 2 hits, 0 errors, 2 left on base; Bowie 3 - Midland 3 |
TOP OF THE 3RD |
Bowie Baysox batting - Pitching for Midland RockHounds : LHP Katsumi Takaki
|
Batting: RHB Jeremy Sipe
|
0-0: Called Strike 0-1: SINGLE (Flyball, 78S, EV 92.5 MPH)
|
Batting: RHB Ray Sims
|
0-0: Ball 1-0: Called Strike Jeremy Sipe steals 2nd base 1-1: Ball 2-1: Ground out U3 (Groundball, 3S, EV 61.2 MPH) Jeremy Sipe to third
|
Batting: RHB Antonio Gamez
|
0-0: Ground out 3-1 (Groundball, 34, EV 105.0 MPH) Jeremy Sipe scores
|
Batting: LHB Justin Moore
|
0-0: Ball 1-0: Ball 2-0: Called Strike 2-1: Swinging Strike 2-2: Ball 3-2: Strikes out swinging
|
Top of the 3rd over - 1 run, 1 hit, 0 errors, 0 left on base; Bowie 4 - Midland 3 |
BOTTOM OF THE 3RD |
Midland RockHounds batting - Pitching for Bowie Baysox : LHP Freddy Gutierrez
|
Batting: RHB Roger Simmons
|
0-0: SINGLE (Line Drive, 34, EV 96.9 MPH)
|
Batting: RHB David Sharp
|
0-0: Foul Ball, location: 2F 0-1: Called Strike 0-2: Ball 1-2: TRIPLE (Line Drive, 9LD, EV 111.9 MPH) Roger Simmons scores
|
Batting: RHB Manny Moron
|
0-0: Ball 1-0: Fly out, F9 (Flyball, 9, EV 90.6 MPH) Runner from 3rd tags up, OUT at HOME! 9-2
|
Batting: RHB Gojko Golob
|
0-0: Ball 1-0: SINGLE (Line Drive, 4M, EV 97.5 MPH)
|
Batting: RHB Moses Brokken
|
0-0: Called Strike 0-1: Swinging Strike 0-2: Foul Ball, location: 2F 0-2: Fly out, F9 (Flyball, 9, EV 92.5 MPH)
|
Bottom of the 3rd over - 1 run, 3 hits, 0 errors, 1 left on base; Bowie 4 - Midland 4 |
TOP OF THE 4TH |
Bowie Baysox batting - Pitching for Midland RockHounds : LHP Katsumi Takaki
|
Batting: SHB Jared Boyce
|
0-0: Called Strike 0-1: Foul Ball, location: 2F 0-2: Ball 1-2: Strikes out swinging
|
Batting: RHB Honório Szenes
|
0-0: Ball 1-0: Fly out, F8 (Line Drive, 89S, EV 100.0 MPH)
|
Batting: RHB Travis Leonard
|
0-0: Called Strike 0-1: Ball 1-1: Foul Ball, location: 2F 1-2: Ball 2-2: Strikes out swinging, 2-3 out at first.
|
Top of the 4th over - 0 runs, 0 hits, 0 errors, 0 left on base; Bowie 4 - Midland 4 |
BOTTOM OF THE 4TH |
Midland RockHounds batting - Pitching for Bowie Baysox : LHP Freddy Gutierrez
|
Batting: RHB Jonathan Ellis
|
0-0: Foul Ball, location: 2F 0-1: DOUBLE (Groundball, 5L, EV 102.5 MPH)
|
Batting: RHB Matt Sherard
|
0-0: Ground out 3-1 (Groundball, 34S, EV 81.9 MPH) Jonathan Ellis to third
|
Batting: RHB Jonathan Gallup
|
0-0: Called Strike 0-1: Ball 1-1: Ball 2-1: Foul Ball, location: 2F 2-2: Fly out, F9 (Flyball, 9S, EV 87.5 MPH)
|
Batting: RHB Micah Roth
|
0-0: Foul Ball, location: 2F 0-1: Swinging Strike 0-2: DOUBLE (Line Drive, 89D, EV 111.2 MPH) Jonathan Ellis scores
|
Pitching: RHP Oscar Munoz
|
|
Batting: RHB Roger Simmons
|
0-0: Foul Ball, location: 2F 0-1: Called Strike 0-2: Strikes out swinging
|
Bottom of the 4th over - 1 run, 2 hits, 0 errors, 1 left on base; Bowie 4 - Midland 5 |
TOP OF THE 5TH |
Bowie Baysox batting - Pitching for Midland RockHounds : LHP Katsumi Takaki
|
Batting: RHB Joe Young
|
0-0: Foul Ball, location: 2F 0-1: Ball 1-1: Called Strike 1-2: Ball 2-2: Ground out 5-3 (Groundball, 56S, EV 66.2 MPH)
|
Pitching: RHP John McAuley
|
|
Batting: RHB John Gray
|
0-0: Ball 1-0: Ball 2-0: Ball 3-0: Called Strike 3-1: Base on Balls
|
Batting: RHB Jeremy Sipe
|
0-0: SINGLE (Line Drive, 3D, EV 101.9 MPH) John Gray to second
|
Batting: RHB Ray Sims
|
0-0: SINGLE (Groundball, 6, EV 100.0 MPH) John Gray to third Jeremy Sipe to second
|
Pinch Hitting: LHB Raul Rojas
|
0-0: Ball 1-0: Fly out, F9 (Flyball, 9D, EV 91.2 MPH) Runner from 3rd tags up, SCORES, no throw by RF
|
Batting: LHB Justin Moore
|
0-0: Foul Ball, location: 2F 0-1: Ground out 4-3 (Groundball, 34D, EV 96.9 MPH)
|
Top of the 5th over - 1 run, 2 hits, 0 errors, 2 left on base; Bowie 5 - Midland 5 |
BOTTOM OF THE 5TH |
Midland RockHounds batting - Pitching for Bowie Baysox : RHP Oscar Munoz
|
Now in RF: Andrew Erens
|
|
Batting: RHB David Sharp
|
0-0: Ball 1-0: Ball 2-0: Ball 3-0: Called Strike 3-1: Called Strike 3-2: Strikes out swinging
|
Batting: RHB Manny Moron
|
0-0: Ball 1-0: Fly out, F4 (Popup, 4, EV 80.6 MPH)
|
Batting: RHB Gojko Golob
|
0-0: Ball 1-0: Ball 2-0: Foul Ball, location: 2F 2-1: Ball 3-1: Fly out, F8 (Flyball, 78D, EV 110.0 MPH)
|
Bottom of the 5th over - 0 runs, 0 hits, 0 errors, 0 left on base; Bowie 5 - Midland 5 |
TOP OF THE 6TH |
Bowie Baysox batting - Pitching for Midland RockHounds : RHP John McAuley
|
Batting: SHB Jared Boyce
|
0-0: Ball 1-0: Ball 2-0: Ground out 6-3 (Groundball, 6, EV 86.2 MPH)
|
Batting: RHB Honório Szenes
|
0-0: Ball 1-0: Ball 2-0: Called Strike 2-1: Swinging Strike 2-2: Ball 3-2: Strikes out swinging
|
Batting: RHB Travis Leonard
|
0-0: Ball 1-0: Swinging Strike 1-1: Ball 2-1: Ball 3-1: Called Strike 3-2: Ground out U3 (Groundball, 23, EV 85.0 MPH)
|
Top of the 6th over - 0 runs, 0 hits, 0 errors, 0 left on base; Bowie 5 - Midland 5 |
BOTTOM OF THE 6TH |
Midland RockHounds batting - Pitching for Bowie Baysox : RHP Oscar Munoz
|
Batting: RHB Moses Brokken
|
0-0: Called Strike 0-1: Foul Ball, location: 2F 0-2: Strikes out swinging
|
Batting: RHB Jonathan Ellis
|
0-0: Called Strike 0-1: Foul Ball, location: 2F 0-2: Fly out, F3 (Popup, 3SF, EV 85.0 MPH)
|
Batting: RHB Matt Sherard
|
0-0: Called Strike 0-1: Foul Ball, location: 2F 0-2: Strikes out swinging
|
Bottom of the 6th over - 0 runs, 0 hits, 0 errors, 0 left on base; Bowie 5 - Midland 5 |
TOP OF THE 7TH |
Bowie Baysox batting - Pitching for Midland RockHounds : RHP John McAuley
|
Pitching: LHP John Salzmann
|
|
Batting: RHB Joe Young
|
0-0: Swinging Strike 0-1: SINGLE (Line Drive, 6M, EV 96.9 MPH)
|
Batting: RHB John Gray
|
0-0: Called Strike 0-1: Called Strike 0-2: Ball 1-2: Ground out 1-3 (Groundball, 13S, EV 70.6 MPH) Joe Young to second
|
Batting: RHB Jeremy Sipe
|
0-0: Called Strike 0-1: Foul Ball, location: 2F 0-2: Ball 1-2: Ground out 6-3 (Groundball, 56, EV 95.0 MPH)
|
Batting: RHB Ray Sims
|
0-0: Called Strike 0-1: DOUBLE (Flyball, 8RXD, EV 106.9 MPH) Joe Young scores
|
Batting: LHB Andrew Erens
|
0-0: Ball 1-0: Ball 2-0: Called Strike 2-1: Ball 3-1: Base on Balls
|
Batting: RHB Andy Chess
|
0-0: Called Strike 0-1: Ball 1-1: Ball 2-1: Foul Ball, location: 2F 2-2: Ground out U3 (Groundball, 34S, EV 83.1 MPH)
|
Top of the 7th over - 1 run, 2 hits, 0 errors, 2 left on base; Bowie 6 - Midland 5 |
BOTTOM OF THE 7TH |
Midland RockHounds batting - Pitching for Bowie Baysox : RHP Oscar Munoz
|
Batting: RHB Jonathan Gallup
|
0-0: Called Strike 0-1: Ball 1-1: Ball 2-1: Ground out 5-3 (Groundball, 56, EV 84.4 MPH)
|
Batting: RHB Micah Roth
|
0-0: Foul Ball, location: 2F 0-1: Swinging Strike 0-2: Strikes out swinging
|
Batting: RHB Roger Simmons
|
0-0: Ground out 5-3 (Groundball, 56, EV 93.8 MPH)
|
Bottom of the 7th over - 0 runs, 0 hits, 0 errors, 0 left on base; Bowie 6 - Midland 5 |
TOP OF THE 8TH |
Bowie Baysox batting - Pitching for Midland RockHounds : LHP John Salzmann
|
Pitching: RHP Caleb Hansberger
|
|
Batting: SHB Jared Boyce
|
0-0: Ball 1-0: Ball 2-0: Ball 3-0: Base on Balls
|
Batting: RHB Honório Szenes
|
0-0: Called Strike 0-1: Ball 1-1: Fly out, F7 (Flyball, 78XD, EV 99.4 MPH)
|
Batting: RHB Travis Leonard
|
0-0: SINGLE (Line Drive, 7S, EV 105.0 MPH) Jared Boyce to second
|
Batting: RHB Joe Young
|
0-0: Called Strike 0-1: Swinging Strike 0-2: Ball 1-2: Foul Ball, location: 2F 1-2: Foul Ball, location: 2F 1-2: Fly out, F4 (Popup, 4, EV 63.1 MPH)
|
Batting: RHB John Gray
|
0-0: Foul Ball, location: 2F 0-1: Called Strike 0-2: Ball 1-2: Strikes out swinging
|
Top of the 8th over - 0 runs, 1 hit, 0 errors, 2 left on base; Bowie 6 - Midland 5 |
BOTTOM OF THE 8TH |
Midland RockHounds batting - Pitching for Bowie Baysox : RHP Oscar Munoz
|
Pitching: RHP Josh Blankenship
|
|
Pinch Hitting: LHB Tom Raupp
|
0-0: Ball 1-0: Called Strike 1-1: Reached on error, E4 (Groundball, 4, EV 86.2 MPH)
|
Pinch Hitting: LHB Alan Bianchard
|
Balk! Tom Raupp to third 0-0: Ball 1-0: Ball 2-0: SINGLE (Groundball, 6M, EV 89.4 MPH) (infield hit) Tom Raupp scores
|
Batting: RHB Gojko Golob
|
0-0: Bunt missed! 0-1: Ball 1-1: Bunted foul 1-2: Grounds into double play, 4-6-3 (Groundball, 4M, EV 106.9 MPH)
|
Batting: RHB Moses Brokken
|
0-0: Foul Ball, location: 2F 0-1: Ball 1-1: Ball 2-1: Ball 3-1: Called Strike 3-2: Strikes out swinging
|
Bottom of the 8th over - 1 run, 1 hit, 1 error, 0 left on base; Bowie 6 - Midland 6 |
TOP OF THE 9TH |
Bowie Baysox batting - Pitching for Midland RockHounds : RHP Caleb Hansberger
|
Pitching: RHP John Shutt
|
|
Now at 1B: Tom Raupp
|
|
Now at 2B: Tim Anderson
|
|
Now at 3B: Jonathan Ellis
|
|
Batting: RHB Jeremy Sipe
|
0-0: Ball 1-0: Swinging Strike 1-1: Swinging Strike 1-2: Ball 2-2: Foul Ball, location: 2F 2-2: Ball 3-2: Strikes out swinging
|
Batting: RHB Ray Sims
|
0-0: Ground out 5-3 (Groundball, 56S, EV 87.5 MPH)
|
Batting: LHB Andrew Erens
|
0-0: Ball 1-0: SINGLE (Groundball, 25, EV 76.2 MPH) (infield hit)
|
Batting: RHB Andy Chess
|
0-0: Called Strike 0-1: Foul Ball, location: 2F 0-2: Ball 1-2: Foul Ball, location: 2F 1-2: Ball Andrew Erens steals 2nd base (no throw) 2-2: Ball 3-2: Foul Ball, location: 2F 3-2: Foul Ball, location: 2F 3-2: Base on Balls
|
Batting: SHB Jared Boyce
|
0-0: Ball 1-0: Foul Ball, location: 2F 1-1: Swinging Strike 1-2: Strikes out swinging
|
Top of the 9th over - 0 runs, 1 hit, 0 errors, 2 left on base; Bowie 6 - Midland 6 |
|